Map: Turbo Cruise '84 LE

Players

Rezron - Winner!

  • Race: Protoss Protoss
  • Spawn Location: 7:00

TiPtOP

  • Race: Terran Terran
  • League: Silver
  • Spawn Location: 3:00

VOD

Have the link to the VOD?

Description

Time

  • Played on: Aug. 13, 2019, 9:40 a.m.
  • Length: 19:47
Show
View Real Time Build Order
Export as new Build Order

Rezron Protoss - Winner!

Build Orders: Colossus Rush 

Get SALT Encoding   

  12  0:01  Probe  
  13  0:15  Probe  
  13  0:16  Pylon  
  14  0:23  Probe  
  15  0:38  Gateway  
  15  0:40  Probe  
  16  1:07  Assimilator  
  16  1:12  Probe  
  16  1:14  Assimilator  
  17  1:21  Probe  
  18  1:26  Cybernetics Core  
  18  1:29  Probe  
  18  1:32  Pylon  
  19  1:48  Assimilator  
  19  1:59  Probe  
  20  2:04  Adept  
  20  2:07  Warp Gate  
  22  2:11  Probe  
  23  2:24  Nexus  
  23  2:27  Pylon  
  23  2:28  Probe  
  23  2:37  Probe, Adept  
  27  2:53  Robotics Facility  
  27  3:12  Shield Battery  
  27  3:17  Probe  
  27  3:25  Probe  
  28  3:28  Pylon  
  28  3:33  Twilight Council  
  29  3:35  Probe  
  29  3:37  Gateway  
  29  3:38  Probe  
  30  3:46  Probe  
  30  3:47  Probe  
  32  3:55  Observer  
  34  3:59  Probe  
  35  4:06  Adept  
  37  4:13  Robotics Bay  
  37  4:19  Probe  
  37  4:21  Assimilator  
  38  4:31  Probe  
  38  4:36  Charge  
  39  4:43  Probe  
  40  4:56  Probe  
  40  4:57  Stargate  
  40  4:59  Probe, Pylon  
  42  5:03  Adept x2  
  42  5:04  Probe  
  46  5:11  Probe  
  46  5:13  Gateway  
  48  5:15  Gateway  
  48  5:21  Forge  
  48  5:24  Forge  
  48  5:35  Colossus  
  54  5:45  Zealot x2  
  58  5:53  Observer  
  58  5:54  Probe  
  58  5:55  Protoss Ground Weapons Level 1  
  58  5:57  Probe  
  58  5:58  Gateway  
  58  6:02  Probe  
  60  6:07  Assimilator  
  60  6:09  Probe  
  62  6:11  Probe  
  63  6:21  Probe  
  63  6:23  Probe  
  63  6:25  Zealot x2  
  69  6:33  Probe, Pylon  
  69  6:35  Pylon  
  69  6:38  Pylon  
  70  6:40  Protoss Ground Armor Level 1  
  70  6:43  Colossus  
  70  6:50  Pylon  
  70  6:51  Probe x2  
  78  7:09  Nexus  
  78  7:12  Pylon  
  78  7:14  Pylon  
  78  7:21  Zealot x4  
  78  7:22  Zealot  
  88  7:25  Extended Thermal Lance, Phoenix  
  90  7:45  Protoss Air Weapons Level 1  
  90  7:46  Colossus  
  90  7:50  Phoenix  
  98  8:02  Zealot x4  
  106  8:15  Phoenix  
  108  8:30  Blink  
  108  8:37  Protoss Ground Weapons Level 2  
  108  8:42  Probe  
  108  8:43  Probe x2  
  108  8:46  Photon Cannon  
  108  8:48  Photon Cannon  
  111  8:50  Photon Cannon  
  111  8:51  Warp Prism  
  111  8:54  Probe  
  111  8:55  Probe x2  
  116  9:02  Protoss Ground Armor Level 2  
  116  9:03  Robotics Facility  
  116  9:07  Probe x3  
  119  9:19  Probe  
  120  9:31  Zealot x5  
  130  9:48  Shield Battery  
  130  9:50  Shield Battery  
  130  9:52  Pylon  
  130  9:55  Pylon  
  130  9:59  Pylon  
  130  10:00  Assimilator  
  130  10:03  Assimilator  
  130  10:10  Colossus  
  112  10:55  Zealot x5  
  95  11:19  Zealot x3  
  95  11:20  Zealot x2  
  101  11:50  Zealot x4  
  101  11:51  Zealot  
  109  11:54  Probe  
  109  11:56  Gateway  
  109  11:58  Probe x2, Gateway  
  110  12:02  Probe, Gateway  
  110  12:05  Protoss Ground Weapons Level 3, Protoss Ground Armor Level 3  
  110  12:06  Gateway  
  110  12:08  Colossus x2  
  109  12:10  Probe x2  
  123  12:18  Zealot x4  
  123  12:19  Zealot  
  123  12:22  Probe x2  
  123  12:45  Phoenix  
  123  12:48  Zealot x2  
  123  12:49  Zealot x2  
  123  12:50  Zealot  
  135  13:00  Fleet Beacon  
  135  13:10  Phoenix  
  135  13:11  Photon Cannon  
  137  13:13  Photon Cannon  
  137  13:17  Pylon  
  137  13:19  Photon Cannon  
  137  13:21  Photon Cannon  
  137  13:23  Photon Cannon  
  137  13:24  Photon Cannon  
  137  13:27  Probe  
  137  13:29  Photon Cannon  
  137  13:30  Photon Cannon  
  138  13:35  Probe, Phoenix  
  138  13:38  Observer  
  138  13:41  Observer  
  143  13:45  Probe  
  144  13:56  Resonating Glaives  
  144  13:57  Probe  
  144  14:00  Phoenix  
  144  14:01  Stalker x5  
  144  14:02  Stalker x4  
  165  14:10  Pylon, Anion Pulse-Crystals  
  165  14:12  Pylon  
  165  14:27  Colossus  
  165  14:30  Colossus  
  177  14:36  Gravitic Boosters  
  177  14:52  Nexus  
  177  14:55  Pylon  
  177  14:58  Pylon  
  177  15:00  Protoss Shields Level 1, Stargate  
  177  15:01  Stargate  
  177  15:02  Stargate  
  177  15:07  Observer  
  177  15:09  Protoss Air Weapons Level 2  
  177  15:20  Photon Cannon  
  177  15:21  Photon Cannon  
  157  17:00  Void Ray x4  
  153  17:36  Void Ray x4  
  135  18:15  Void Ray  
  119  18:41  Carrier x3  
  137  18:48  Assimilator  
  133  18:49  Probe  
  133  18:51  Assimilator  
  130  19:01  Probe  
  129  19:13  Probe  
  130  19:32  Pylon  
  130  19:35  Pylon  
Show
View Real Time Build Order
Export as new Build Order

TiPtOP Terran 

Build Orders:  

Get SALT Encoding   

  12  0:01  SCV  
  13  0:13  SCV  
  14  0:21  Supply Depot  
  14  0:27  Refinery  
  14  0:29  SCV  
  15  0:46  Barracks  
  15  0:50  SCV  
  16  1:17  SCV  
  17  1:30  SCV  
  18  1:38  Barracks Reactor, Supply Depot  
  18  1:51  SCV  
  19  2:01  Command Center  
  19  2:04  SCV  
  20  2:13  Barracks  
  20  2:16  SCV, Marine  
  20  2:17  Marine  
  23  2:28  SCV  
  25  2:44  SCV  
  25  2:58  SCV  
  26  3:01  Factory  
  26  3:03  Marine x2  
  28  3:05  Barracks Tech Lab  
  28  3:10  SCV  
  29  3:16  SCV  
  30  3:27  Orbital Command  
  30  3:28  SCV  
  31  3:39  Stimpack  
  33  3:44  Marine x2, Marauder  
  33  3:47  SCV  
  37  3:55  SCV  
  37  4:04  Starport  
  37  4:05  Factory Reactor  
  37  4:07  SCV  
  38  4:10  Marine x2, Marauder  
  42  4:17  Orbital Command  
  42  4:19  SCV  
  43  4:26  Refinery  
  43  4:37  SCV  
  44  4:42  Marine x2  
  46  4:54  Factory Tech Lab  
  46  5:06  Supply Depot x2  
  46  5:08  Supply Depot  
  46  5:27  SCV, Medivac  
  46  5:28  Marauder  
  51  5:36  Medivac  
  53  5:44  Combat Shield  
  53  5:45  Marine x2  
  53  5:49  Marauder  
  57  5:51  SCV  
  57  5:53  Barracks  
  57  5:54  SCV  
  59  6:06  SCV  
  60  6:25  Marine  
  60  6:26  Marine, Marauder  
  60  6:28  Siege Tank  
  60  6:31  SCV  
  68  6:34  Refinery  
  68  6:43  SCV  
  68  6:46  Barracks Reactor  
  69  6:49  Marine  
  70  7:04  Supply Depot  
  70  7:10  Supply Depot  
  70  7:11  Supply Depot  
  70  7:12  Supply Depot  
  70  7:25  SCV, Marine x2  
  70  7:26  Marine x2, Marauder, Supply Depot  
  77  7:34  Engineering Bay  
  77  7:37  SCV  
  77  7:43  Marine  
  79  7:45  Marine x3  
  79  7:47  Marauder  
  84  7:53  Concussive Shells  
  84  7:56  Siege Tank  
  87  7:59  Terran Infantry Weapons Level 1  
  87  8:01  Marine  
  87  8:04  SCV  
  89  8:08  Marauder  
  91  8:16  SCV  
  92  8:29  Marine x3  
  92  8:30  Marauder  
  97  8:37  Medivac  
  97  8:38  Medivac  
  97  8:39  Marine  
  102  8:41  SCV  
  102  8:42  SCV  
  102  8:47  Marine x3  
  107  8:51  Marauder  
  107  8:52  Supply Depot  
  107  8:53  Supply Depot  
  107  8:54  SCV  
  107  8:55  Supply Depot  
  110  9:04  Supply Depot  
  110  9:13  SCV, Marine x3  
  110  9:14  Marauder  
  110  9:16  Supply Depot  
  116  9:35  Marauder  
  118  9:47  Siege Tank  
  118  9:48  Marine x4  
  125  9:57  Marauder  
  127  10:18  Marine x4, Marauder  
  127  10:19  Siege Tank  
  136  10:22  SCV x2  
  136  10:24  Terran Infantry Armor Level 1  
  138  10:34  SCV x2  
  140  10:36  Marine x3  
  140  10:39  Marauder  
  108  10:51  Siege Tank  
  97  11:01  Marauder  
  84  11:21  Marine  
  84  11:22  Marine x3, Marauder  
  78  11:39  Marine x2  
  74  11:40  Marine x2  
  74  11:43  Marauder  
  67  12:06  Marine x2  
  67  12:07  Marine x3  
  70  12:14  Siege Tank  
  73  12:16  Medivac x2  
  77  12:24  Marine x3  
  77  12:28  SCV  
  66  12:40  SCV  
  66  12:42  Marine x3  
  66  12:43  Marine x2  
  72  12:46  Siege Tank  
  72  12:49  SCV  
  76  12:52  SCV  
  77  13:01  SCV  
  77  13:02  Starport  
  77  13:04  Fusion Core, SCV  
  79  13:13  SCV  
  79  13:16  SCV  
  81  13:23  Marine x4  
  81  13:24  Marine  
  81  13:25  SCV  
  87  13:41  Marine  
  87  13:42  Marauder  
  90  13:50  Refinery  
  90  13:54  Starport Tech Lab  
  90  13:58  Starport  
  90  14:03  Marauder  
  90  14:08  Starport  
  92  14:17  Missile Turret  
  92  14:20  Battlecruiser  
  92  14:22  Weapon Refit  
  98  14:25  Marauder  
  100  14:42  Missile Turret  
  100  14:46  Starport Tech Lab x2  
  100  15:05  Missile Turret  
  100  15:08  Command Center  
  100  15:30  Battlecruiser x2  
  112  15:40  Armory  
  112  15:41  Armory  
  112  15:44  Missile Turret  
  112  15:58  Missile Turret  
  112  16:06  Missile Turret  
  75  16:28  Battlecruiser  
  80  16:34  Battlecruiser  
  80  16:35  Battlecruiser  
  80  17:20  Marine x2  
  80  17:21  Marine x3  
  70  17:32  Battlecruiser  
  70  17:38  Marine x4  
  50  17:56  Marine x3  
  53  17:59  Battlecruiser  
  57  18:13  Marine  
  57  18:14  Marine x2  
  33  19:11  Orbital Command  
Tags
 
Add a new tag
Caveats
  • Supply blocks, unpowered buildings, or Contaminate may cause inaccurate times.
  • Supply counts are checked every 10 seconds.